 Dungeon Crawl Stone Soup version 0.30.1-4-g462c640d31 (webtiles) character file.

Game seed: 5022996359244814243

250 mortz the Conjurer (level 5, -4/38 HPs)
             Began as a Demigod Conjurer on Sept 15, 2023.
             Slain by an iguana (11 damage)
             ... on level 4 of the Dungeon.
             The game lasted 00:16:09 (3757 turns).

mortz the Conjurer (Demigod Conjurer)               Turns: 3757, Time: 00:16:10

Health: -4/38      AC:  5    Str:  8    XL:     5   Next: 57%
Magic:  3/13       EV: 11    Int: 24    God:
Gold:   204        SH:  0    Dex: 12    Spells: 8/11 levels left

rFire   . . .        n - +1 demon whip (venom)
rCold   . . .        (no shield)
rNeg    + . .        r - +1 leather armour {rN+}
rPois   .            (no helmet)
rElec   .            m - +0 cloak
rCorr   .            (no gloves)
SInv    .            (no boots)
Will    .....        (no amulet)
Stlth   ++           (no ring)
HPRegen 0.26/turn    (no ring)
MPRegen 0.13/turn

%: no passive effects
@: no status effects
A: high MP 1, forlorn, divine attributes
a: no special abilities


You were on level 4 of the Dungeon.
You visited 1 branch of the dungeon, and saw 4 of its levels.

You collected 204 gold pieces.

Inventory:

Hand Weapons
 a - a +1 short sword of speed
 g - a +0 dagger
 n - a +1 demon whip of venom (weapon)
 q - a +0 halberd
 t - a +0 war axe
 u - a +0 morningstar
Missiles
 h - 7 poisoned darts
 x - 6 boomerangs
Armour
 m - a +0 cloak (worn)
 r - a +1 leather armour of positive energy (worn)
Jewellery
 k - an amulet of guardian spirit
Wands
 d - a wand of roots (14)
 y - a wand of paralysis (5)
Scrolls
 c - 4 scrolls of teleportation
 e - a scroll of amnesia {unknown}
 i - a scroll of brand weapon {unknown}
 o - a scroll of enchant weapon {unknown}
 p - a scroll of immolation {unknown}
 w - a scroll of magic mapping {unknown}
Potions
 b - a potion of magic
 f - 2 potions of attraction
 j - a potion of invisibility
 l - a potion of cancellation
 s - a potion of brilliance
 v - 2 potions of curing {unknown}


   Skills:
 - Level 2.0 Dodging
 - Level 2.0 Stealth
 + Level 3.7 Spellcasting
 + Level 5.2 Conjurations


You had 8 spell levels left.
You knew the following spells:

 Your Spells              Type           Power      Damage    Failure   Level
a - Magic Dart            Conj           100%       1d8       1%          1
b - Searing Ray           Conj           58%        2d6       2%          2

Your spell library contained the following spells:

 Spells                   Type           Power      Damage    Failure   Level
 Static Discharge         Conj/Air       34%        2-4/arc   8%          2
 Dazzling Flash           Conj/Hex       34%        N/A       16%         3
 Summon Guardian Golem    Hex/Summ       4%         N/A       41%         3
 Fulminant Prism          Conj/Hex       8%         3d7       45%         4
 Iskenderun's Mystic Bla  Conj/Tloc      17%        2d5       45%         4
 Airstrike                Air            2%         2d(1-17)  82%         4
 Summon Lightning Spire   Summ/Air       4%         N/A       82%         4
 Orb of Destruction       Conj           14%        9d7       100%        7
 Spellforged Servitor     Conj/Summ      8%         N/A       100%        7


Dungeon Overview and Level Annotations

Branches:
Dungeon (4/15) Zot: 20239
 Temple: D:4-7


Innate Abilities, Weirdness & Mutations

You have an increased reservoir of magic. (+10% MP)
You shall have no god before yourself.
Your divine heritage dramatically boosts your attributes as you level up.


Message History

You finish channelling your searing ray.
The gnoll hits you from afar with a +0 halberd!
The gnoll bouda barely misses you.
You feel strangely unstable.
The gnoll hits you from afar with a +0 halberd!
The gnoll bouda misses you.
The gnoll bouda gazes fiercely through you!
You feel your attacks grow feeble.
The gnoll looks more healthy.
The gnoll bouda calls upon its god to heal the gnoll.
The gnoll is healed somewhat.
The gnoll is no longer moving quickly.
The gnoll bouda calls upon its god to heal the gnoll.
The gnoll's wounds heal themselves!
Your surroundings suddenly seem different.
You start resting.
Your attacks no longer feel as feeble.
You start resting.
A goblin comes into view. It is wielding a +0 club.
The magic dart hits the goblin.
The goblin is moderately wounded.
The goblin shouts!
You hear a shout! x3; You hear an angry hiss.
You hear a shout!
An iguana comes into view.
You hear a shout! x2
The magic dart hits the iguana.
The iguana is lightly wounded.
You hear a shout!
The magic dart hits the iguana.
The iguana is moderately wounded.
The iguana bites you!
You hit the iguana but do no damage.
The iguana is poisoned.
The iguana is moderately wounded.
The iguana bites you!
* * * LOW HITPOINT WARNING * * *
A goblin comes into view. It is wielding a +0 club.
You barely miss the iguana.
The iguana is heavily wounded.
The goblin completely misses you. The iguana bites you!
You die...

####
..#
#l#
#@#
#g#
#.#
#..
##.
.g
##


You could see an iguana (very poisoned) and 2 goblins.

Vanquished Creatures
  A hound (D:2)
  A sleepcap (D:4)
  Ijyb (D:3)
  An adder (D:2)
  6 gnolls
  17 orcs
  5 ball pythons
  A bat (D:1)
  5 endoplasms
  3 giant cockroaches
  9 goblins
  8 hobgoblins
  6 jackals
  4 kobolds
  2 quokkas (D:1)
  2 frilled lizards
  3 rats (D:2)
75 creatures vanquished.

Notes
Turn   | Place    | Note
-------+----------+-------------------------------------------
     0 | D:1      | mortz the Demigod Conjurer began the quest for the Orb.
     0 | D:1      | Reached XP level 1. HP: 14/14 MP: 5/5
   302 | D:1      | Reached XP level 2. HP: 20/20 MP: 0/7
   460 | D:1      | Learned a level 2 spell: Searing Ray
  1122 | D:2      | Reached skill level 4 in Conjurations
  1295 | D:2      | Reached XP level 3. HP: 26/26 MP: 2/9
  1825 | D:2      | Reached XP level 4. HP: 33/33 MP: 6/11
  2485 | D:3      | Noticed Ijyb
  2500 | D:3      | Killed Ijyb
  2628 | D:3      | Reached XP level 5. HP: 38/38 MP: 7/13
  3326 | D:4      | Reached skill level 5 in Conjurations
  3757 | D:4      | Slain by an iguana

Illustrated notes

Levels and vault maps discovered:
D:1:      lemuel_arrival_room, layout_basic
D:2:      layout_basic
D:3:      layout_rooms, nicolae_hepliaklqana_hazy_memory, uniq_ijyb
D:4:      layout_basic, vehumet_statue, uniq_robin

Skill      XL: |  1  2  3  4  5 |
---------------+----------------+-----
Stealth        | 2 |  2.0
Dodging        | 2 |  2.0
Spellcasting   | 2 3 |  3.7
Conjurations   | 4 5 |  5.2

Action                     |  1- 3 |  4- 6 || total
---------------------------+-------+-------++-------
  Melee: Dagger            |     7 |       ||     7
         Demon whip        |     8 |     6 ||    14
  Throw: Dart              |       |     1 ||     1
         Boomerang         |       |     1 ||     1
   Cast: Magic Dart        |    60 |    62 ||   122
         Searing Ray       |     4 |    11 ||    15
    Use: Scroll            |       |     7 ||     7
 Armour: Robe              |     4 |       ||     4
         Leather armour    |       |     1 ||     1
  Dodge: Dodged            |    20 |    13 ||    33
